Cogmind - Beta 16 @@@ ROGUE MODE // 2026.01.03 @ 18:26:49 Player: ILikeVoltron Result: Destroyed by Z5-BSR(z) with Zionite Laser-S Performance ------------- Evolutions (1) 500 Regions Visited (5) 1000 Robots Destroyed (26) 130 Value Destroyed (264) 264 Prototype IDs (9) 180 Alien Tech Used (0) 0 Bonus (600) 600 TOTAL SCORE: 2674 Bonus ------- Met Imprinter 300 Was Imprinted 300 Cogmind --------- Core Integrity 0/400 Matter 273/300 Energy 100/100 System Corruption 0% Temperature Cool (9) Movement Core (700) Ox13 Location -7/Deep Caves Parts ------- > --- POWER (1) -------- (None) > --- PROPULSION (4) --- (None) > --- UTILITY (2) ------ High-capacity Storage Unit > --- WEAPON (2) ------- (None) > --- INVENTORY (20) --- Light Ion Engine Improved Aluminum Leg Improved Titanium Leg Heat Sink High-capacity Storage Unit Large Matter Pod (150) Improved Terrain Scanner Seismic Detector Transport Network Coupler Targeting Computer Medium Armor Plating Beam Rifle Advanced Beam Cannon Advanced Beam Cannon Barrage Gun Heavy Battle Rifle Ripper Peak State ------------ > --- POWER ------------ Heavy Ion Engine > --- PROPULSION ------- Improved Treads Improved Treads Improved Treads Improved Treads > --- UTILITY ---------- High-capacity Storage Unit Hacking Drone Bay > --- WEAPON ----------- Advanced Beam Cannon Advanced Beam Cannon > --- INVENTORY -------- Light Ion Engine Improved Aluminum Leg Improved Titanium Leg Heat Sink High-capacity Storage Unit Large Matter Pod Improved Terrain Scanner Seismic Detector Transport Network Coupler Targeting Computer Medium Armor Plating Beam Rifle Advanced Beam Cannon Barrage Gun Heavy Battle Rifle Heavy Missile Launcher Plasma Cutter Ripper Self-destruct Interrupter Self-destruct Interrupter [Rating: 32] Favorites ----------- Power Heavy Ion Engine Engine Heavy Ion Engine Propulsion Improved Treads Treads Improved Treads Leg Aluminum Leg Hover Unit Zionite Glidesys I Utility High-capacity Storage Unit Device Hacking Drone Bay Storage High-capacity Storage Unit Weapon Advanced Beam Cannon Energy Cannon Advanced Beam Cannon Ballistic Gun Assault Rifle Launcher Heavy Missile Launcher Special Weapon Plasma Cutter Slashing Weapon Mining Claw Build | -11 -10 -9 -9 -7 -7 ------- Run | Yrd Mat Mat Min Zio Dee Slots Evolved 2 | . . 2 . . . Power . | . . . . . . Propulsion 2 | . . 2 . . . Utility . | . . . . . . Weapon . | . . . . . . Parts Attached 25 | 1 6 14 . 1 3 Power 2 | . . 2 . . . Engine 2 | . . 2 . . . Core . | . . . . . . Reactor . | . . . . . . Propulsion 5 | . . 4 . . 1 Treads 4 | . . 4 . . . Leg . | . . . . . . Wheel . | . . . . . . Hover 1 | . . . . . 1 Flight . | . . . . . . Utility 9 | 1 4 2 . 1 1 Device 4 | 1 1 1 . 1 . Storage 5 | . 3 1 . . 1 Processor . | . . . . . . Hackware . | . . . . . . Protection . | . . . . . . Artifact . | . . . . . . Weapon 9 | . 2 6 . . 1 Energy Gun . | . . . . . . Energy Cannon 3 | . . 3 . . . Ballistic Gun 3 | . 1 2 . . . Ballistic Cannon . | . . . . . . Launcher 1 | . . . . . 1 Special Weapon 1 | . 1 . . . . Impact Weapon . | . . . . . . Slashing Weapon 1 | . . 1 . . . Piercing Weapon . | . . . . . . Special Melee Weapon . | . . . . . . Unidentified Prototypes 5 | . . 1 . 2 2 Parts Lost 12 | . . . . 1 11 Power 1 | . . . . . 1 Propulsion 5 | . . . . . 5 Utility 2 | . . . . . 2 Weapon 4 | . . . . 1 3 Highest Loss Streak 11 | . . . . 1 11 To Critical Strikes . | . . . . . . Average Backups 16 | 6 9 18 20 18 17 Power 1 | 1 1 1 1 1 1 Propulsion 2 | 4 4 3 3 2 2 Utility 6 | . 2 6 7 7 8 Weapon 5 | 1 1 6 8 6 6 Tool/Special . | . . . . . . Unused Backups 33 | 7 8 3 . 4 11 Power 3 | 1 . 1 . . 1 Propulsion 10 | 2 4 . . 2 2 Utility 11 | 2 3 2 . . 4 Weapon 8 | 2 . . . 2 4 Tool/Special 1 | . 1 . . . . Average Slot Usage (%) 99 | . 100 99 100 100 91 Engine 11 | . 14 11 11 11 10 Treads 35 | . . 43 44 44 39 Leg 5 | . 28 . . . . Device 11 | . 13 11 11 11 10 Storage 11 | . 14 11 11 11 11 Energy Cannon 13 | . . 9 22 20 10 Ballistic Gun 7 | . 27 11 . . . Special Weapon 1 | . . . . 1 9 Peak Build Rating 32 | 8 10 24 22 32 31 Average Rating 22 | 7 8 18 22 30 29 On Entrance 16 | 6 8 8 22 22 31 Avg Prop Armor Cover (%) . | . . . . . . Naked Turns . | . . . . . . Heaviest Build 60 | 15 30 57 57 57 60 Greatest Support 92 | 20 20 92 92 92 92 Greatest Overweight (x) 13 | . 1 . . . 13 Average Overweight (x) . | . . . . . . Largest Inventory Capacity 20 | 8 15 20 20 20 20 Average Capacity 17 | 8 10 19 20 20 20 Most Carried 20 | 8 10 20 20 20 20 Average Carried 17 | 6 9 18 20 19 19 Final Capacity 20 | 8 15 20 20 20 20 Final Carried 20 | 8 10 20 20 20 17 Class Distribution -------------------- 100% | Mutant Dominant Class ---------------- Mutant | -10/Materials Mutant | -9/Materials Mutant | -9/Mines Mutant | -7/Zion Mutant | -7/Deep Caves Resources | -11 -10 -9 -9 -7 -7 ----------- Run | Yrd Mat Mat Min Zio Dee Matter Collected 978 | 428 152 357 11 30 . Remotely . | . . . . . . Salvage Created 723 | 225 52 357 62 . 27 Parts 59 | 20 5 27 7 . . Haulers Intercepted 3 | . . 3 . . . Recyclers Shooed 1 | 1 . . . . . Parts Field Recycled . | . . . . . . Retrieved Matter . | . . . . . . Parts Self-Destructed . | . . . . . . Prevented . | . . . . . . Parts Restored . | . . . . . . Kills | -11 -10 -9 -9 -7 -7 ------- Run | Yrd Mat Mat Min Zio Dee Combat Hostiles Destroyed 11 | . 3 4 3 . 1 Guns 4 | . 3 1 . . . Cannons 6 | . . 3 3 . . AOE 1 | . . . . . 1 Classes Destroyed 8 | 3 1 3 . . 1 Worker 3 | 2 . 1 . . . Tunneler 6 | 5 . . 1 . . Hauler 3 | . . 3 . . . Recycler 2 | 1 . 1 . . . Watcher 1 | . . 1 . . . Swarmer 9 | . 3 3 3 . . Sentry 1 | . . 1 . . . Z-Light 1 | . . . . . 1 Best Kill Streak 5 | 3 3 5 3 . 1 Combat Bots Only 3 | . 3 3 3 . 1 Max Kills in Single Turn 1 | 1 1 1 1 . 1 Gunslinging . | . . . . . . Exploded 1 | . . . . . 1 Melee . | . . . . . . Uniques/NPCs Destroyed . | . . . . . . Combat | -11 -10 -9 -9 -7 -7 -------- Run | Yrd Mat Mat Min Zio Dee Hostile Shots Fired 128 | . 12 30 11 . 75 Missed 38 | . 2 8 3 . 25 Hits 90 | . 10 22 8 . 50 Projectile 90 | . 10 22 8 . 50 Critical Strikes 1 | . 1 . . . . Damage Taken 1990 | . 117 197 69 . 1607 Core 472 | . 51 22 . . 399 Absorbed by Shields . | . . . . . . Core Remaining (%) 89 | 100 79 . . . . Volleys Fired 57 | 15 11 23 5 . 3 Largest 2 | 2 2 2 2 . 1 Hottest 136 | 40 40 136 136 . 39 Shots Fired 108 | 30 19 46 10 . 3 Gun 70 | 30 16 24 . . . Cannon 32 | . . 22 10 . . Launcher 3 | . . . . . 3 Special 3 | . 3 . . . . Kinetic 70 | 30 16 24 . . . Thermal 35 | . 3 22 10 . . Explosive 3 | . . . . . 3 Electromagnetic . | . . . . . . Robot Hit Streak 14 | 7 3 14 2 . . Robot Miss Streak 4 | 4 2 3 4 . . Penetration Max . | . . . . . . Secondary Targets . | . . . . . . Shots Hit Robots 59 | 17 9 29 4 . . Core Hits 35 | 9 3 13 4 . 6 Critical Kills . | . . . . . . Critical Parts Destroyed 1 | 1 . . . . . Critical Strikes 1 | 1 . . . . . Destroy 1 | 1 . . . . . Melee Attacks 7 | . . 7 . . . Impact . | . . . . . . Slashing 7 | . . 7 . . . Piercing . | . . . . . . Sneak Attacks . | . . . . . . Combat Hostiles . | . . . . . . Follow-up Attacks . | . . . . . . Damage Inflicted 1286 | 222 102 477 81 . 404 Guns 596 | 222 102 272 . . . Cannons 286 | . . 205 81 . . Explosions 404 | . . . . . 404 Melee . | . . . . . . Ramming . | . . . . . . Kinetic 596 | 222 102 272 . . . Thermal 286 | . . 205 81 . . Explosive 404 | . . . . . 404 Electromagnetic . | . . . . . . Impact . | . . . . . . Slashing . | . . . . . . Piercing . | . . . . . . Highest Corruption . | . . . . . . Average Corruption . | . . . . . . Corruption Purged . | . . . . . . Corruption Blocked . | . . . . . . Overload Shots . | . . . . . . Overflow Damage . | . . . . . . Projectiles . | . . . . . . Explosions . | . . . . . . Melee . | . . . . . . Knockbacks . | . . . . . . Impact . | . . . . . . Kinetic . | . . . . . . Secondary . | . . . . . . Self-Inflicted Damage . | . . . . . . Shots . | . . . . . . Rammed . | . . . . . . Targets Rammed . | . . . . . . Kicked . | . . . . . . Crushed . | . . . . . . Highest Temperature 234 | . . 234 156 . 24 Average Temperature 70 | . . 82 68 . 10 Received Heat Transfer 468 | . 9 9 . . 450 Siege Activations . | . . . . . . Martial Activations . | . . . . . . Shielding Activations . | . . . . . . Robots Disrupted . | . . . . . . Combat Hostiles . | . . . . . . Robots Corrupted . | . . . . . . Combat Hostiles . | . . . . . . Parts Fried . | . . . . . . Impact Corruptions . | . . . . . . Robots Melted . | . . . . . . Combat Hostiles . | . . . . . . Parts Melted . | . . . . . . Heat Transferred 518 | . . 370 148 . . Parts Sabotaged . | . . . . . . Parts Stolen . | . . . . . . Parts Stripped . | . . . . . . Power Chain Reactions . | . . . . . . Alert | -11 -10 -9 -9 -7 -7 ------- Run | Yrd Mat Mat Min Zio Dee Maximum Alert Level . | . . . . . . Low Security (%) 100 | 100 100 100 100 . . Level 1 . | . . . . . . Level 2 . | . . . . . . Level 3 . | . . . . . . Level 4 . | . . . . . . Level 5 . | . . . . . . High Security . | . . . . . . Max Security . | . . . . . . Peak Influence 97 | 10 70 88 97 . . Initial 27 | . . . 27 . . Average 12 | 2 8 7 49 . . Influence Increases 364 | 40 78 171 75 . . Destroy 0b10 Robot/C 200 | . 60 80 60 . . Destroy 0b10 Robot/NC 75 | 40 . 30 5 . . Destroy Leader 48 | . 10 28 10 . . Successful Hack 22 | . 8 14 . . . Destroy Structure 4 | . . 4 . . . Partial Spotted 15 | . . 15 . . . Influence Decreases 364 | 40 78 99 145 2 . Entered New Map 47 | . . . 45 2 . Time Decay 317 | 40 78 99 100 . . Squads Dispatched 1 | . . 1 . . . Investigation . | . . . . . . Extermination . | . . . . . . Reinforcement 1 | . . 1 . . . Assault . | . . . . . . Garrison . | . . . . . . Intercept . | . . . . . . Searches Triggered . | . . . . . . Construction Impeded . | . . . . . . Haulers Reinforced . | . . . . . . Active Scanning Responses . | . . . . . . Cargo Convoy Interrupts . | . . . . . . Stealth | -11 -10 -9 -9 -7 -7 --------- Run | Yrd Mat Mat Min Zio Dee Distress Signals . | . . . . . . Communications Jammed . | . . . . . . Distress Signals . | . . . . . . Times Spotted 32 | . 11 12 3 . 6 Peak Tracking Total 6 | . 4 6 3 . 5 Tactical Retreats . | . . . . . . Traps | -11 -10 -9 -9 -7 -7 ------- Run | Yrd Mat Mat Min Zio Dee Traps Triggered 1 | . 1 . . . . Indirectly . | . . . . . . Trap Hack Attempts . | . . . . . . Triggered . | . . . . . . Disarmed . | . . . . . . Reprogrammed . | . . . . . . Reused . | . . . . . . Traps Extracted . | . . . . . . Installed . | . . . . . . Triggered . | . . . . . . Machines | -11 -10 -9 -9 -7 -7 ---------- Run | Yrd Mat Mat Min Zio Dee Machines Disabled 4 | . . . . 4 . Max in Single Turn 1 | . . . . 1 . Machines Repaired . | . . . . . . Machines Dismantled 4 | . . . . 4 . Machines Sabotaged . | . . . . . . Overloaded Fab Kills . | . . . . . . Hacking | -11 -10 -9 -9 -7 -7 --------- Run | Yrd Mat Mat Min Zio Dee Machines Accessed 9 | . 5 4 . . . Terminals 7 | . 3 4 . . . Fabricators . | . . . . . . Repair Stations . | . . . . . . Recycling Units 2 | . 2 . . . . Scanalyzers . | . . . . . . Garrison Access . | . . . . . . Total Hacks 26 | . 10 16 . . . Successful 19 | . 9 10 . . . Failed 7 | . 1 6 . . . Catastrophic . | . . . . . . Database Lockouts . | . . . . . . Manual 13 | . 5 8 . . . Terminals 24 | . 8 16 . . . Fabricators . | . . . . . . Repair Stations . | . . . . . . Recycling Units 2 | . 2 . . . . Scanalyzers . | . . . . . . Garrison Access . | . . . . . . Terminal Hacks 9 | . 3 6 . . . Part Schematic 1 | . . 1 . . . Prototype ID Bank 2 | . 1 1 . . . Emergency Access Points 1 | . . 1 . . . Alert Level 2 | . 1 1 . . . Locate Traps 1 | . . 1 . . . Zone Layout 2 | . 1 1 . . . Fabricator Hacks . | . . . . . . Repair Station Hacks . | . . . . . . Recycling Unit Hacks 2 | . 2 . . . . Report Inventory 2 | . 2 . . . . Scanalyzer . | . . . . . . Garrison Access Hacks . | . . . . . . Unauthorized Hacks 8 | . 4 4 . . . Terminals 8 | . 4 4 . . . Track 4 | . 3 1 . . . Botnet 3 | . . 3 . . . Operators 1 | . 1 . . . . Fabricators . | . . . . . . Repair Stations . | . . . . . . Recycling Units . | . . . . . . Scanalyzers . | . . . . . . Garrison Access . | . . . . . . Data Cores Recovered . | . . . . . . Used . | . . . . . . Hacking Detections 3 | . . 3 . . . Full Trace Events . | . . . . . . Feedback Events . | . . . . . . Feedback Blocked . | . . . . . . Robot Schematics Acquired . | . . . . . . Robots Built . | . . . . . . Authchips . | . . . . . . Time . | . . . . . . Total Robot Build Rating . | . . . . . . Part Schematics Acquired 1 | . . 1 . . . Parts Built . | . . . . . . Authchips . | . . . . . . Time . | . . . . . . Total Part Build Rating . | . . . . . . Part Studies Acquired . | . . . . . . Parts Repaired . | . . . . . . Time . | . . . . . . Parts Recycled . | . . . . . . Recycled Matter . | . . . . . . Retrieved Matter . | . . . . . . Retrieved Components . | . . . . . . Parts Scanalyzed . | . . . . . . Part Schematics Acquired . | . . . . . . Parts Damaged . | . . . . . . Bothacking | -11 -10 -9 -9 -7 -7 ------------ Run | Yrd Mat Mat Min Zio Dee Used RIF Installer . | . . . . . . Robots Hacked . | . . . . . . Non-combat . | . . . . . . Combat . | . . . . . . Robot Hacks Applied . | . . . . . . Relay Couplers Released . | . . . . . . Fabnet Peak Effective % . | . . . . . . Robots Rewired . | . . . . . . Allies Hacked . | . . . . . . Hacks Repelled . | . . . . . . Allies | -11 -10 -9 -9 -7 -7 -------- Run | Yrd Mat Mat Min Zio Dee Total Allies 4 | . . . . 4 . Largest Group 4 | . . . . 4 . Highest-Rated Group 157 | . . . . 157 . Highest-Rated Ally 41 | . . . . 41 . Total Orders 1 | . . . . 1 . RETURN 1 | . . . . 1 . Ally Attacks . | . . . . . . Total Damage . | . . . . . . Kills . | . . . . . . Allies Corrupted . | . . . . . . Allies Melted . | . . . . . . Intel | -11 -10 -9 -9 -7 -7 ------- Run | Yrd Mat Mat Min Zio Dee Active Infowar (turns) 1196 | 121 536 539 . . . Terrain 234 | . 64 170 . . . Seismic 962 | 121 472 369 . . . Robot Analysis Total . | . . . . . . Derelict Logs Recovered 1 | . . . 1 . . Drone Launches 1 | . . . . 1 . Drone Recoveries 1 | . . . . 1 . Exploration | -11 -10 -9 -9 -7 -7 ------------- Run | Yrd Mat Mat Min Zio Dee Turns Passed 3153 | 138 565 744 216 1171 319 Spaces Moved 1676 | 40 355 318 126 653 184 Core 2 | . . . . . 2 Treads 1278 | . . 318 126 653 181 Legs 395 | 40 355 . . . . Wheels . | . . . . . . Hover 1 | . . . . . 1 Flight . | . . . . . . Fastest Speed 120 | 120 120 160 160 160 160 Average Speed 153 | 120 128 160 160 160 169 Slowest Speed 700 | 120 190 160 160 160 700 Overloaded Moves . | . . . . . . Propulsion Burnouts . | . . . . . . Robots Hopped . | . . . . . . Potential Cave-ins . | . . . . . . Cave-ins Triggered . | . . . . . . Exploration Rate (%) 35 | 3 52 28 27 73 28 Regions Visited 5 Branch Regions 3 Pre-discovered Areas 1 | . . . . 1 . Known Exits Taken . | . . . . . . Unknown Exits Taken 5 | 1 1 1 1 1 . Scrap Searched 2 | . . . . 2 . Spaces Dug 3 | . . 3 . . . Terrain Destroyed 5 | . . 3 . . 2 Melee 3 | . . 3 . . . Projectile . | . . . . . . AOE 2 | . . . . . 2 Terrain Rammed . | . . . . . . Walls Destroyed . | . . . . . . Machines Disabled . | . . . . . . Actions | -11 -10 -9 -9 -7 -7 --------- Run | Yrd Mat Mat Min Zio Dee Total 2070 | 102 445 490 131 710 192 Wait 201 | 41 51 107 1 1 . Move 1671 | 39 354 317 125 652 184 Hop . | . . . . . . Pick Up 38 | 4 10 15 . 9 . Fast Attach 3 | 1 . . . . 2 Attach 4 | . . 2 . 1 1 Detach . | . . . . . . Swap 26 | . 9 14 . 3 . Drop 26 | 2 10 5 . 7 2 Fire 57 | 15 11 23 5 . 3 Melee 7 | . . 7 . . . Ram . | . . . . . . Kick . | . . . . . . Crush . | . . . . . . Escape Stasis . | . . . . . . Rewire . | . . . . . . Trap . | . . . . . . Miscellaneous 37 | . . . . 37 . Route ------- -11/Scrapyard -10/Materials (discovered 2 exits: *Mat / [Min]) -9/Materials -9/Mines -7/Zion -7/Deep Caves History --------- Turn | Location | Event 16 | -11/Scrapyard | Discovered new exit (range 2) 139 | -11/Scrapyard | Entered Materials 312 | -10/Materials | Build established: Mutant 553 | -10/Materials | Discovered new exit (range 9) 553 | -10/Materials | Discovered new exit (range 12) 704 | -10/Materials | Entered another Materials area 704 | -9/Materials | Evolved 2 slots: Propulsion x2 1431 | -9/Materials | Discovered new exit (range 11) 1448 | -9/Materials | Entered Mines 1624 | -9/Mines | A Derelict revealed a hidden shortcut to a safe place 1644 | -9/Mines | Learned location of 1 exit from Proximity Caves 1664 | -9/Mines | Entered Zion 1722 | -7/Zion | Given the Hacking Drone Bay 1723 | -7/Zion | Found Prototype Device 1724 | -7/Zion | Identified Hacking Drone Bay 1948 | -7/Zion | Learned location of Data Miner (-6) 2179 | -7/Zion | Learned Factory emergency access door positions 2473 | -7/Zion | Met Imprinter 2505 | -7/Zion | Imprinted 2508 | -7/Zion | Declared Zion's savior 2831 | -7/Zion | Discovered new exit (range 3) 2831 | -7/Zion | Saw the warning signs outside the Deep Caves entrance 2835 | -7/Zion | Entered Deep Caves 2835 | -7/Deep Caves | Accompanied by 4 allies 3088 | -7/Deep Caves | Attacked by Z-Imprinter 3143 | -7/Deep Caves | Core integrity fell below 50% 3150 | -7/Deep Caves | Core integrity fell below 20% 3154 | -7/Deep Caves | Destroyed by Z5-BSR(z) with Zionite Laser-S Last Messages --------------- 03076_ NEW_ZION: Z-Facility proximity alert. Z-Imprinter: GET AWAY FROM HERE! I've worked too hard for our future just to have you ruin everything! 03095_ Plasma Cutter destroyed. 03103_ Imp. Treads destroyed. 03121_ GX-K3Y(z) destroyed. 03121_ Imp. Treads destroyed. 03124_ Hvy. Missile Launcher destroyed. 03128_ Hvy. Ion Engine destroyed. 03131_ Adv. Beam Cannon destroyed. 03139_ Imp. Treads destroyed. 03146_ Acquired Prototype Hover Unit. 03146_ Identified Zio. Glidesys I. 03147_ Hacking Drone Bay destroyed. 03148_ Zio. Glidesys I destroyed. 03150_ Acquired Prototype Storage. 03150_ Identified Zio. Biocell. 03151_ Zio. Biocell destroyed. 03151_ Dropped Self-destruct Interrupter. 03154_ Self-destruct Interrupter emitting active interruption sequence. Map ----- +----------------------------------------------------+ | | | | | | | | | | | | | | | | | | | | | | | | | | | | | | | | | | | | | | | | | | | | | | | ??????????????????????##;;# #?????#??????????????? | | ??????????????????????#; &; #####"############???? | | ??????????????????????## @;##"## ##??? | | ???????????????????????#zz##" #??? | | ???????????????????????#I;## #### | | ???????????????????????# z; ## | | ???????????????????????#z % | | ?????????????????? | | ????????????? | | ???????????? | | ??????????? | | ???????????? """"" """""" | | ???????????? """""""""""""" | | ???????????? """""""""""""" | | ????????????? """?"""""?"""" | | ????????????? ""????????" | | ?????????????? "????????""""" | | ?????????????? "?????????"""" | | ???????????????? "???????????"" | | ?????????????????? "???????????"" | | ????????????????????? "???????????" | | ??????????????????????? ??????????? | | ??????????????????????????????????????? | | ??????????????????????????????????????? | | ???????????????????????????????????????? | | ?????????????????????????????????????????? | | ???????????????????????????????????????????? | +----------------------------------------------------+ Best States ------------- Heat Dissipation 38 Energy Generation 14 Energy Capacity 280 Matter Stores 386 Matter Capacity 450 Sight Range 16 Terrain Scan Range 16 Terrain Scan Density 10 Evasion (%) 55 Recoil Reduction 4 Item Schematics ----------------- Lgt. Armor Plating | -9/Materials | Hacked Robot Schematics ------------------ None Fabricated ------------ Nothing Repaired ---------- Nothing Studied --------- None Alien Tech Used ----------------- None Achievements -------------- Into The Breach Challenges ------------ None Game ------ Seed RecyclingMetafiberTelecube Manual? 0 Play Time 00:31:13 Cumulative 152.0 hours Start 2026.01.03 @ 17:55:19 End 2026.01.03 @ 18:26:49 Sessions 1 Manual Loads 0 Difficulty Rogue Special Mode None Game No. 260 Rogue 256 Adventurer 0 Explorer 4 Win Type - Total 0 Types 0/0/0/0/0/0/0/0/0/0 Lore% 19 Gallery% 40 Achievement% 25 Wizard Run 0 Options --------- Layout 1 ASCII 0 Keyboard 1 Movement Arrows Keybinds 0 Fullscreen 1 Font 32/SmallcapsGlow Map View 130x35 Zoom Use 0% Tactical HUD 1 Map Filters NONE Filters NONE Steam 1 RUN: 4d54e1d7-901f-47d5-894c-b72f696c6305